BLB
DALLAS DRILLERS @ TORONTO CANADIANS
07/01/2059
 
TOP OF THE 1ST
Dallas Drillers batting - Pitching for Toronto Canadians : LHP Zane Hastings
Pitching: LHP Zane Hastings
Batting: RHB Aubrey Albano 0-0: Called Strike
0-1: Foul Ball, location: 2F
0-2: Ball
1-2: Strikes out looking
Batting: RHB Jehvon Curry 0-0: Swinging Strike
0-1: Swinging Strike
0-2: Strikes out swinging
Batting: SHB Cooper Heizer 0-0: Ball
1-0: Called Strike
1-1: Ball
2-1: Ground out 5-3 (Groundball, 15, EV 80.6 MPH)
Top of the 1st over - 0 runs, 0 hits, 0 errors, 0 left on base; Dallas 0 - Toronto 0
BOTTOM OF THE 1ST
Toronto Canadians batting - Pitching for Dallas Drillers : RHP Jerry Fleming
Pitching: RHP Jerry Fleming
Batting: LHB Chase Calhoun 0-0: Ball
1-0: Foul Ball, location: 2F
1-1: Ball
2-1: Ball
3-1: Fly out, F7 (Flyball, 78M, EV 86.2 MPH)
Batting: RHB Olin Keele 0-0: TRIPLE (Flyball, 89XD, EV 109.4 MPH)
Batting: LHB Kelvin Kenney 0-0: Called Strike
0-1: Foul Ball, location: 2F
0-2: 2-RUN HOME RUN (Flyball, 9D, EV 96.9 MPH), Distance : 348 ft
Batting: LHB Braden Tallman 0-0: SINGLE (Flyball, 7S, EV 87.5 MPH)
Batting: LHB Cory Petit 0-0: Swinging Strike
0-1: Ground out 6-3 (Groundball, 6S, EV 70.6 MPH)
Braden Tallman to second
Batting: RHB Manuel Zaragoza 0-0: Ball
1-0: Swinging Strike
1-1: Foul Ball, location: 2F
1-2: SINGLE (Groundball, 56D, EV 102.5 MPH)
Braden Tallman to third
Batting: LHB Reese Bowman 0-0: Foul Ball, location: 2F
0-1: DOUBLE (Groundball, 5L, EV 100.6 MPH)
Braden Tallman scores
Manuel Zaragoza to third
Runner from 3rd tries for Home, SAFE, throw by LF to trailing runner, SAFE at third!
Batting: RHB Odell Mapute 0-0: Called Strike
0-1: Ball
1-1: Swinging Strike
1-2: Ball
2-2: Foul Ball, location: 2F
2-2: Ball
3-2: Base on Balls
Batting: RHB Dave Root 0-0: Ball
1-0: Ball
2-0: Ball
3-0: Base on Balls
Odell Mapute to second
Batting: LHB Chase Calhoun 0-0: Ball
1-0: Ball
2-0: SINGLE (Groundball, 6MS, EV 67.5 MPH) (infield hit)
Reese Bowman scores
Odell Mapute to third
Dave Root to second
Pitching: LHP Derek Bane
Batting: RHB Olin Keele 0-0: Ball
1-0: Ground out 3-1 (Groundball, 34, EV 80.0 MPH)
Bottom of the 1st over - 5 runs, 6 hits, 0 errors, 3 left on base; Dallas 0 - Toronto 5
TOP OF THE 2ND
Dallas Drillers batting - Pitching for Toronto Canadians : LHP Zane Hastings
Batting: RHB Julian Irwin 0-0: Ball
1-0: Ball
2-0: SOLO HOME RUN (Flyball, 9D, EV 91.2 MPH), Distance : 337 ft
Batting: RHB Latif Won 0-0: Ball
1-0: Called Strike
1-1: Swinging Strike
1-2: Foul Ball, location: 2F
1-2: Ball
2-2: Ball
3-2: Strikes out swinging
Batting: RHB Pat Trumbo 0-0: Called Strike
0-1: Swinging Strike
0-2: SINGLE (Line Drive, 9S, EV 85.6 MPH)
Batting: RHB Sean Kovacevic 0-0: Ball
1-0: Ball
2-0: Called Strike
2-1: Swinging Strike
2-2: Foul Ball, location: 2F
2-2: Ball
3-2: Foul Ball, location: 2F
3-2: Foul Ball, location: 2F
3-2: Strikes out swinging
Batting: RHB Maurice Johnson 0-0: Ball
Wild Pitch!
Pat Trumbo to second
1-0: Called Strike
1-1: Ball
2-1: Foul Ball, location: 2F
2-2: Ball
3-2: Strikes out swinging
Top of the 2nd over - 1 run, 2 hits, 0 errors, 1 left on base; Dallas 1 - Toronto 5
BOTTOM OF THE 2ND
Toronto Canadians batting - Pitching for Dallas Drillers : LHP Derek Bane
Batting: LHB Kelvin Kenney 0-0: Ball
1-0: Ball
2-0: Foul Ball, location: 2F
2-1: Called Strike
2-2: Ball
3-2: Strikes out swinging
Batting: LHB Braden Tallman 0-0: Foul Ball, location: 2F
0-1: Ball
1-1: Foul Ball, location: 2F
1-2: Strikes out swinging
Batting: LHB Cory Petit 0-0: Foul Ball, location: 2F
0-1: Foul Ball, location: 2F
0-2: SINGLE (Flyball, 8RS, EV 93.1 MPH)
Batting: RHB Manuel Zaragoza 0-0: Called Strike
0-1: Ball
1-1: Ball
2-1: Ball
3-1: Foul Ball, location: 2F
3-2: Foul Ball, location: 2F
3-2: Foul Ball, location: 2F
3-2: Foul Ball, location: 2F
3-2: Base on Balls
Cory Petit to second
Batting: LHB Reese Bowman 0-0: Swinging Strike
0-1: Foul Ball, location: 2F
0-2: Strikes out swinging
Bottom of the 2nd over - 0 runs, 1 hit, 0 errors, 2 left on base; Dallas 1 - Toronto 5
TOP OF THE 3RD
Dallas Drillers batting - Pitching for Toronto Canadians : LHP Zane Hastings
Batting: RHB Markel Crawford 0-0: Called Strike
0-1: Swinging Strike
0-2: Strikes out swinging
Batting: RHB Aubrey Albano 0-0: Foul Ball, location: 2F
0-1: Called Strike
0-2: Foul Ball, location: 2F
0-2: Foul Ball, location: 2F
0-2: Strikes out swinging
Batting: RHB Jehvon Curry 0-0: Called Strike
0-1: Ball
1-1: Ball
2-1: Swinging Strike
2-2: Strikes out looking
Top of the 3rd over - 0 runs, 0 hits, 0 errors, 0 left on base; Dallas 1 - Toronto 5
BOTTOM OF THE 3RD
Toronto Canadians batting - Pitching for Dallas Drillers : LHP Derek Bane
Batting: RHB Odell Mapute 0-0: Ball
1-0: Ball
2-0: Called Strike
2-1: Swinging Strike
2-2: Strikes out swinging
Batting: RHB Dave Root 0-0: Swinging Strike
0-1: Ball
1-1: Fly out, F8 (Flyball, 89M, EV 91.9 MPH)
Batting: LHB Chase Calhoun 0-0: Called Strike
0-1: Ball
1-1: Called Strike
1-2: Fly out, F8 (Line Drive, 8LM, EV 89.4 MPH)
Bottom of the 3rd over - 0 runs, 0 hits, 0 errors, 0 left on base; Dallas 1 - Toronto 5
TOP OF THE 4TH
Dallas Drillers batting - Pitching for Toronto Canadians : LHP Zane Hastings
Batting: SHB Cooper Heizer 0-0: Called Strike
0-1: Ball
1-1: Swinging Strike
1-2: Foul Ball, location: 2F
1-2: Strikes out looking
Batting: RHB Julian Irwin 0-0: Called Strike
0-1: Foul Ball, location: 2F
0-2: Strikes out swinging
Batting: RHB Latif Won 0-0: Foul Ball, location: 2F
0-1: Foul Ball, location: 2F
0-2: Ball
1-2: Foul Ball, location: 2F
1-2: Fly out, F9 (Flyball, 89S, EV 78.8 MPH)
Top of the 4th over - 0 runs, 0 hits, 0 errors, 0 left on base; Dallas 1 - Toronto 5
BOTTOM OF THE 4TH
Toronto Canadians batting - Pitching for Dallas Drillers : LHP Derek Bane
Batting: RHB Olin Keele 0-0: Called Strike
0-1: Ball
1-1: Called Strike
1-2: Ground out 4-3 (Groundball, 4M, EV 83.1 MPH)
Batting: LHB Kelvin Kenney 0-0: Foul Ball, location: 2F
0-1: Foul Ball, location: 2F
0-2: Foul Ball, location: 2F
0-2: Strikes out swinging
Batting: LHB Braden Tallman 0-0: SINGLE (Line Drive, 78S, EV 93.1 MPH)
Batting: LHB Cory Petit 0-0: Fly out, F5 (Line Drive, 5L, EV 68.8 MPH)
Bottom of the 4th over - 0 runs, 1 hit, 0 errors, 1 left on base; Dallas 1 - Toronto 5
TOP OF THE 5TH
Dallas Drillers batting - Pitching for Toronto Canadians : LHP Zane Hastings
Batting: RHB Pat Trumbo 0-0: Called Strike
0-1: Swinging Strike
0-2: Fly out, F9 (Line Drive, 9LM, EV 108.8 MPH)
Batting: RHB Sean Kovacevic 0-0: Ball
1-0: Called Strike
1-1: Ball
2-1: SOLO HOME RUN (Flyball, 7LD, EV 97.5 MPH), Distance : 337 ft
Batting: RHB Maurice Johnson 0-0: Ball
1-0: Called Strike
1-1: Swinging Strike
1-2: Strikes out swinging
Batting: RHB Markel Crawford 0-0: Ball
1-0: Called Strike
1-1: Called Strike
1-2: Ball
2-2: Foul Ball, location: 2F
2-2: Ball
3-2: Strikes out looking
Top of the 5th over - 1 run, 1 hit, 0 errors, 0 left on base; Dallas 2 - Toronto 5
BOTTOM OF THE 5TH
Toronto Canadians batting - Pitching for Dallas Drillers : LHP Derek Bane
Batting: RHB Manuel Zaragoza 0-0: Swinging Strike
0-1: Ball
1-1: Ball
2-1: SINGLE (Groundball, 6D, EV 104.4 MPH)
Batting: LHB Reese Bowman 0-0: Sac Bunt to 23 - play at first, batter OUT! 3-4
Manuel Zaragoza to second
Batting: RHB Odell Mapute 0-0: Swinging Strike
0-1: Ball
1-1: Called Strike
1-2: Ball
2-2: Strikes out swinging
Pitching: RHP Remi Daniel
Batting: RHB Dave Root 0-0: Ball
1-0: Ball
2-0: Ball
3-0: Called Strike
3-1: Called Strike
3-2: Base on Balls
Batting: LHB Chase Calhoun 0-0: Swinging Strike
0-1: Ball
1-1: Foul Ball, location: 2F
1-2: Strikes out swinging
Bottom of the 5th over - 0 runs, 1 hit, 0 errors, 2 left on base; Dallas 2 - Toronto 5
TOP OF THE 6TH
Dallas Drillers batting - Pitching for Toronto Canadians : LHP Zane Hastings
Batting: RHB Aubrey Albano 0-0: Ball
1-0: Called Strike
1-1: Ball
2-1: Swinging Strike
2-2: Strikes out swinging
Batting: RHB Jehvon Curry 0-0: Ball
1-0: Ball
2-0: Ground out 6-3 (Groundball, 6, EV 106.9 MPH)
Batting: SHB Cooper Heizer 0-0: Called Strike
0-1: Ball
1-1: Called Strike
1-2: Foul Ball, location: 2F
1-2: Foul Ball, location: 2F
1-2: Strikes out swinging, 2-3 out at first.
Top of the 6th over - 0 runs, 0 hits, 0 errors, 0 left on base; Dallas 2 - Toronto 5
BOTTOM OF THE 6TH
Toronto Canadians batting - Pitching for Dallas Drillers : RHP Remi Daniel
Batting: RHB Olin Keele 0-0: Ball
1-0: Foul Ball, location: 2F
1-1: Foul Ball, location: 2F
1-2: Ball
2-2: Fly out, F8 (Line Drive, 8RD, EV 95.6 MPH)
Batting: LHB Kelvin Kenney 0-0: Called Strike
0-1: SINGLE (Line Drive, 8RS, EV 108.1 MPH)
Batting: LHB Braden Tallman 0-0: Ball
1-0: Foul Ball, location: 2F
1-1: Foul Ball, location: 2F
1-2: Ball
2-2: SINGLE (Line Drive, 3D, EV 98.8 MPH)
Kelvin Kenney to second
Batting: LHB Cory Petit 0-0: Fly out, F6 (Popup, 6, EV 78.1 MPH)
Batting: RHB Manuel Zaragoza 0-0: Ball
1-0: Foul Ball, location: 2F
1-1: Ball
2-1: Ball
3-1: Swinging Strike
3-2: Base on Balls
Kelvin Kenney to third
Braden Tallman to second
Batting: LHB Reese Bowman 0-0: Ball
1-0: Called Strike
1-1: Swinging Strike
1-2: SINGLE (Groundball, 6MD, EV 95.0 MPH)
Kelvin Kenney scores
Braden Tallman to third
Manuel Zaragoza to second
Runner from 3rd tries for Home, SAFE, throw by CF to home
Pitching: RHP Henry Kemp
Batting: RHB Odell Mapute 0-0: Ball
1-0: Called Strike
1-1: Swinging Strike
1-2: Ball
2-2: Foul Ball, location: 2F
2-2: Ball
3-2: Strikes out swinging
Bottom of the 6th over - 2 runs, 3 hits, 0 errors, 2 left on base; Dallas 2 - Toronto 7
TOP OF THE 7TH
Dallas Drillers batting - Pitching for Toronto Canadians : LHP Zane Hastings
Batting: RHB Julian Irwin 0-0: Ball
1-0: Swinging Strike
1-1: Ball
2-1: Foul Ball, location: 2F
2-2: Ball
3-2: Strikes out swinging
Batting: RHB Latif Won 0-0: Ball
1-0: Ball
2-0: SINGLE (Line Drive, 7LS, EV 102.5 MPH)
Batting: RHB Pat Trumbo 0-0: Swinging Strike
0-1: Ball
1-1: Grounds into double play, 1-4-3 (Groundball, P, EV 64.4 MPH)
Top of the 7th over - 0 runs, 1 hit, 0 errors, 0 left on base; Dallas 2 - Toronto 7
BOTTOM OF THE 7TH
Toronto Canadians batting - Pitching for Dallas Drillers : RHP Henry Kemp
Batting: RHB Dave Root 0-0: Called Strike
0-1: Called Strike
0-2: Ball
1-2: Hit by Pitch
Batting: LHB Chase Calhoun 0-0: Ball
1-0: Ball
2-0: Called Strike
2-1: Fly out, F8 (Flyball, 8LD, EV 99.4 MPH)
Batting: RHB Olin Keele 0-0: Called Strike
0-1: Swinging Strike
0-2: Ball
1-2: Strikes out looking
Batting: LHB Kelvin Kenney 0-0: Called Strike
0-1: Ball
1-1: Ball
2-1: Called Strike
2-2: Foul Ball, location: 2F
2-2: Strikes out looking
Bottom of the 7th over - 0 runs, 0 hits, 0 errors, 1 left on base; Dallas 2 - Toronto 7
TOP OF THE 8TH
Dallas Drillers batting - Pitching for Toronto Canadians : LHP Zane Hastings
Batting: RHB Sean Kovacevic 0-0: Ball
1-0: Ball
2-0: Foul Ball, location: 2F
2-1: Called Strike
2-2: Foul Ball, location: 2F
2-2: Foul Ball, location: 2F
2-2: Strikes out swinging
Batting: RHB Maurice Johnson 0-0: SOLO HOME RUN (Flyball, 9D, EV 94.4 MPH), Distance : 354 ft
Batting: RHB Markel Crawford 0-0: Foul Ball, location: 2F
0-1: Hit by Pitch
Batting: RHB Aubrey Albano 0-0: Ball
1-0: Foul Ball, location: 2F
1-1: Ball
2-1: Ball
3-1: Fly out, F8 (Flyball, 8LD, EV 99.4 MPH)
Pitching: RHP Deion Hillard
Batting: RHB Jehvon Curry 0-0: Called Strike
0-1: 2-RUN HOME RUN (Flyball, 7LD, EV 95.0 MPH), Distance : 374 ft
Batting: SHB Cooper Heizer 0-0: Ball
1-0: Fly out, F4 (Popup, 4M, EV 51.2 MPH)
Top of the 8th over - 3 runs, 2 hits, 0 errors, 0 left on base; Dallas 5 - Toronto 7
BOTTOM OF THE 8TH
Toronto Canadians batting - Pitching for Dallas Drillers : RHP Henry Kemp
Batting: LHB Braden Tallman 0-0: Swinging Strike
0-1: Called Strike
0-2: Strikes out swinging
Batting: LHB Cory Petit 0-0: Called Strike
0-1: Called Strike
0-2: Ball
1-2: Ground out 5-3 (Groundball, 5, EV 80.6 MPH)
Pitching: RHP Tom Beard
Batting: RHB Manuel Zaragoza 0-0: Foul Ball, location: 2F
0-1: Called Strike
0-2: Foul Ball, location: 2F
0-2: Strikes out swinging
Bottom of the 8th over - 0 runs, 0 hits, 0 errors, 0 left on base; Dallas 5 - Toronto 7
TOP OF THE 9TH
Dallas Drillers batting - Pitching for Toronto Canadians : RHP Deion Hillard
Pitching: LHP Jordan Stephens
Now at 3B: Odell Mapute
Now at SS: Keon Pryor
Now in LF: Reese Bowman
Now in CF: Brian Wheat
Batting: RHB Julian Irwin 0-0: Called Strike
0-1: Swinging Strike
0-2: Foul Ball, location: 2F
0-2: Strikes out swinging
Batting: RHB Latif Won 0-0: Ball
1-0: Ball
2-0: Ball
3-0: Called Strike
3-1: Swinging Strike
3-2: Foul Ball, location: 2F
3-2: Strikes out looking
Batting: RHB Pat Trumbo 0-0: Ball
1-0: Called Strike
1-1: SOLO HOME RUN (Flyball, 78XD, EV 115.6 MPH), Distance : 430 ft
Batting: RHB Sean Kovacevic 0-0: Ball
1-0: Called Strike
1-1: Foul Ball, location: 2F
1-2: SINGLE (Flyball, 8RS, EV 101.2 MPH)
Batting: RHB Maurice Johnson 0-0: Called Strike
0-1: Ball
1-1: Foul Ball, location: 2F
1-2: Ball
2-2: Ball
3-2: Strikes out swinging
Top of the 9th over - 1 run, 2 hits, 0 errors, 1 left on base; Dallas 6 - Toronto 7
Monday, March 11th , 2024 - OOTP Baseball 23.10 Build 110